AoeStats
← GStar

Oasis

509090535Analyzed
4v4 RM · 7d ago on Sep 25, 2026· 25m 22s· 8 players
Game mode
Random Map
Map size
Large (8 player)
Population
200
Speed
Normal
Resources
Standard
Victory
Conquest
Starting age
Dark Age
Ending age
Imperial Age
RankedLock teamsTeams togetherTeam positionsShared explorationLock speedFull tech treeHidden civsTurbo modeCheats
Victory
Defeat
🇪🇸 Spanish · Spain
1048
+32
🇹🇼 Shu · Taiwan
1039
+15
🇨🇦 Huns · Canada
1021
+16
🇬🇧 Poles · United Kingdom
1013
+16
🇨🇳 Britons · China
1079
-18
🇨🇳 Hindustanis · China
1074
-18
🇨🇳 Cumans · China
955
-13
🇹🇼 Varangians · Taiwan
954
-13
Nofootstepsafe
0:39 Loom
11:03 Feudal Age
11:30 Double-Bit Axe
13:13 Bloodlines
15:25 Forging
21:46 Castle Age
20:21 Scale Barding Armor
22:14 Horse Collar
24:44 Bow Saw
24:38 Heavy Plow
Makaveli
0:27 Loom
12:03 Feudal Age
12:44 Double-Bit Axe
14:37 Horse Collar
16:30 Forging
21:23 Castle Age
21:02 Bloodlines
20:46 Stone Mining
20:48 Gold Mining
21:53 Light Cavalry
24:20 Bow Saw
24:22 Husbandry
25:02 Iron Casting
Rafa
1:32 Loom
11:59 Feudal Age
15:49 Double-Bit Axe
18:28 Castle Age
18:11 Horse Collar
19:59 Padded Archer Armor
ELO800
6:18 Loom
9:14 Feudal Age
12:34 Fletching
14:01 Town Watch
16:46 Padded Archer Armor
21:17 Wheelbarrow
24:54 Castle Age
24:56 Crossbowman
25:32 Bodkin Arrow
25:25 Double-Bit Axe
25:21 Horse Collar
FLAME-99
3:08 Loom
11:24 Feudal Age
12:48 Double-Bit Axe
15:58 Castle Age
14:20 Stone Mining
14:21 Gold Mining
22:17 Bloodlines
22:08 Husbandry
22:33 Forging
涛哥
0:32 Loom
11:34 Feudal Age
16:50 Castle Age
15:36 Double-Bit Axe
少女
11:42 Feudal Age
16:45 Castle Age
18:37 Horse Collar
19:42 Double-Bit Axe
GStar
10:15 Loom
12:33 Feudal Age
Connection lost

Rejoining the realm…

Still unreachable

The connection could not be restored.

Session expired

The server has moved on; the page needs a fresh start.